 Dungeon Crawl Stone Soup version 0.25-a0-443-gece2dee8bd (webtiles) character file.

Game seed: 17266424485170597504, levelgen mode: deterministic

2885 Emblim88 the Skirmisher (level 9, -5/79 HPs)
             Began as a Minotaur Abyssal Knight on Jan 30, 2020.
             Was an Elder of Lugonu.
             Slain by a porcupine (9 damage)
             ... on level 8 of the Dungeon.
             The game lasted 00:15:40 (6324 turns).

Emblim88 the Skirmisher (Minotaur Abyssal Knight)   Turns: 6324, Time: 00:15:41

Health: -5/79      AC:  8    Str: 20    XL:     9   Next: 48%
Magic:  12/12      EV: 10    Int:  9    God:    Lugonu [****..]
Gold:   135        SH:  0    Dex: 12    Spells: 8/8 levels left

rFire    . . .     SeeInvis .   t - +0 long sword
rCold    + . .     Gourm    .   (no shield)
rNeg     . . .     Faith    .   e - +0 chain mail
rPois    .         Spirit   .   (helmet restricted)
rElec    .         Reflect  .   f - +0 cloak
rCorr    .         Harm     .   (no gloves)
MR       .....                  (no boots)
Stlth    ..........             (no amulet)
HPRegen  0.23/turn              C - ring "Hootul" {*Corrode rC+ AC+1 Dex+2 Slay+2}
MPRegen  0.13/turn              (no ring)

@: corroded
A: retaliatory headbutt, horns 2
a: Depart the Abyss, Bend Space, Banish, Corrupt, Renounce Religion


You were on level 8 of the Dungeon.
You worshipped Lugonu.
Lugonu was greatly pleased with you.
You were not hungry.

You visited 1 branch of the dungeon, and saw 8 of its levels.
You visited the Abyss 1 time.

You collected 471 gold pieces.
You spent 336 gold pieces at shops.

Inventory:

Hand Weapons
 i - a +0 short sword of venom
 t - a +0 long sword (weapon)
Missiles
 b - 7 poisoned darts (quivered)
Armour
 d - a +1 leather armour of magic resistance
 e - a +0 chain mail (worn)
 f - a +0 cloak (worn)
Magical Staves
 G - an uncursed staff of summoning {unknown}
Jewellery
 C - the ring "Hootul" (left hand) {*Corrode rC+ AC+1 Dex+2 Slay+2}
   (You bought it in a shop on level 6 of the Dungeon)

   [ring of protection]

   It affects your AC (+1).
   It affects your dexterity (+2).
   It affects your accuracy and damage with ranged weapons and melee attacks
   (+2).
   It protects you from cold.
   It may corrode you when you take damage.
Wands
 a - a wand of iceblast (9)
 n - a wand of polymorph (18)
 r - a wand of paralysis (9)
 s - a wand of flame (14)
Scrolls
 g - a scroll of noise {unknown}
 h - a scroll of blinking {unknown}
 k - a scroll of magic mapping
 l - a scroll of amnesia {unknown}
 m - 2 scrolls of immolation
 p - 2 scrolls of remove curse
 y - a scroll of fog {unknown}
 z - a scroll of fear {unknown}
 D - a scroll of teleportation
 E - 2 scrolls of identify
 H - a scroll of acquirement {unknown}
Potions
 j - a potion of haste {unknown}
 o - a potion of ambrosia
 q - 3 potions of flight
 u - a potion of might
 v - 3 potions of curing
 x - a potion of lignification
 A - a potion of resistance
 B - a potion of agility {unknown}
 F - a potion of mutation {unknown}
Comestibles
 c - 14 rations


   Skills:
 + Level 7.3 Fighting
 + Level 7.0 Long Blades
 + Level 6.8 Armour
 + Level 5.9 Dodging
 + Level 5.7 Invocations
 + Level 4.4 Evocations


You had 8 spell levels left.
You didn't know any spells.
Your spell library contained the following spells:

 Spells                   Type           Power        Failure   Level  Hunger
 Animate Skeleton         Necr           N/A          98%         1    ##.....
 Freeze                   Ice            #...         98%         1    ##.....
 Magic Dart               Conj           #...         98%         1    ##.....
 Pain                     Necr           #...         98%         1    ##.....
 Searing Ray              Conj           #.....       99%         2    ###....
 Dazzling Flash           Conj/Hex       #.....       100%        3    ####...
 Ozocubu's Armour         Chrm/Ice       #.......     100%        3    ####...
 Vampiric Draining        Necr           #.........   100%        3    ####...
 Animate Dead             Necr           N/A          100%        4    #####..
 Fulminant Prism          Conj/Hex       #.........   100%        4    #####..
 Hailstorm                Conj/Ice       #.......     100%        4    #####..
 Iskenderun's Mystic Bla  Conj/Tloc      #.......     100%        4    #####..
 Summon Ice Beast         Ice/Summ       #.......     100%        4    #####..
 Agony                    Necr           #.......     100%        5    ######.


Dungeon Overview and Level Annotations

Branches:
Dungeon (8/15)             Temple (0/1) D:7
   Lair: D:8-11

Altars:
Cheibriados
Elyvilon
Gozag
Hepliaklqana
Kikubaaqudgha
Makhleb
Nemelex Xobeh
Sif Muna
Vehumet
Wu Jian
Yredelemnul
Zin
Beogh

Shops:
D:3 *   D:6 =

Annotations:
D:4 3 runed translucent doors, Elellon's ghost, amateur DECj
D:7 exclusion: statue


Innate Abilities, Weirdness & Mutations

You reflexively headbutt those who attack you in melee.
You have a pair of horns on your head.


Message History

The porcupine barely misses you.
You hit the porcupine.
The porcupine is lightly wounded.
The porcupine bites you!
Your corrosive artefact corrodes you!
You hit the porcupine. Your headbutt misses the porcupine.
The porcupine is moderately wounded.
The porcupine bites you.
* * * LOW HITPOINT WARNING * * *
You feel better. The porcupine bites you!
* * * LOW HITPOINT WARNING * * *
You feel better. The porcupine bites you!
* * * LOW HITPOINT WARNING * * *
The porcupine bites you but does no damage.
You are struck by the porcupine's spines.
* * * LOW HITPOINT WARNING * * *
You closely miss the porcupine.
You headbutt the porcupine, but do no damage.
The porcupine is moderately wounded.
The porcupine bites you!
You die...

### #.#####
#.....#######
#@###......<#
#r###########
#####KK....#
#...#††)##+##
#.....(.....#
#..r........#
#.....#...(.#
#......#.....+
#............#


You could see a porcupine and 2 kobolds.

Vanquished Creatures
  A troll (D:7)
  Grinder (D:3)
  A yak (D:8)
  2 ice beasts
  2 orc warriors
  3 phantoms
  An ogre (D:7)
  A sky beast (D:7)
  A centaur (D:7)
  A big kobold (D:8)
  3 bullfrogs
  3 scorpions
  4 bullfrog zombies (D:6)
  A centaur zombie (D:6)
  5 jellies
  A bullfrog skeleton (D:5)
  A centaur skeleton (D:5)
  5 orc wizards
  A hound (D:5)
  5 iguanas
  2 worker ants (D:4)
  2 hound zombies (D:6)
  3 worker ant zombies (D:6)
  5 adders
  6 gnolls
  10 oozes
  An adder zombie (D:6)
  3 worms
  2 leopard geckos
  15 orcs
  2 ball pythons
  5 giant cockroaches
  3 goblins
  7 hobgoblins
  7 jackals (D:3)
  14 kobolds
  3 quokkas
  7 bats
  5 frilled lizards
  2 leopard gecko zombies (D:6)
  A quokka skeleton (D:6)
  8 rats
156 creatures vanquished.

Vanquished Creatures (others)
  2 fungi
  8 toadstools (D:3)
10 creatures vanquished.

Grand Total: 166 creatures vanquished

Notes
Turn   | Place    | Note
-------+----------+-------------------------------------------
     0 | Abyss:1  | Emblim88 the Minotaur Abyssal Knight began the quest for
                  | the Orb.
     0 | Abyss:1  | Reached XP level 1. HP: 19/19 MP: 1/1
    23 | Abyss:1  | Noticed a hellwing
    25 | D:1      | Escaped the Abyss
    35 | D:1      | Reached * piety under Lugonu
    92 | D:1      | Reached XP level 2. HP: 16/27 MP: 2/2
   466 | D:2      | Found an ornate altar of the Wu Jian Council.
   523 | D:2      | Reached XP level 3. HP: 28/33 MP: 3/3
   880 | D:2      | Reached XP level 4. HP: 35/40 MP: 4/4
  1099 | D:2      | You fall into a shaft and drop 1 floor!
  1163 | D:3      | Found an opulent altar of Gozag.
  1164 | D:3      | Found Gozag's Platinum Reserve.
  1165 | D:3      | Noticed Grinder
  1213 | D:3      | Paralysed by Grinder for 7 turns
  1463 | D:2      | Reached ** piety under Lugonu
  1790 | D:3      | Reached XP level 5. HP: 42/47 MP: 6/6
  1796 | D:3      | Reached skill level 1 in Evocations
  2144 | D:3      | Killed Grinder
  2144 | D:3      | Reached XP level 6. HP: 31/55 MP: 7/7
  2403 | D:3      | Reached *** piety under Lugonu
  2471 | D:3      | Reached skill level 5 in Fighting
  2684 | D:4      | You fall into a shaft and drop 3 floors!
  2687 | D:7      | Found a staircase to the Ecumenical Temple.
  2721 | D:7      | Reached XP level 7. HP: 57/61 MP: 8/8
  2810 | D:5      | Entered Level 5 of the Dungeon
  2979 | D:4      | Found a runed translucent gate.
  2980 | D:4      | Found a runed translucent gate.
  2980 | D:4      | Noticed Elellon's ghost (amateur DECj)
  2981 | D:4      | Found a runed translucent gate.
  2981 | D:4      | Found a roughly hewn altar of Beogh.
  3531 | D:4      | Found a sparkling altar of Nemelex Xobeh.
  3566 | D:4      | Reached skill level 5 in Long Blades
  3901 | D:5      | Reached skill level 5 in Armour
  3909 | D:5      | Reached XP level 8. HP: 45/70 MP: 10/10
  4015 | D:5      | Found an ancient bone altar of Kikubaaqudgha.
  4147 | D:5      | Found a burning altar of Makhleb.
  4214 | D:5      | Found a snail-covered altar of Cheibriados.
  4214 | D:5      | Found a white marble altar of Elyvilon.
  4218 | D:5      | Found a basalt altar of Yredelemnul.
  4219 | D:5      | Found a hazy altar of Hepliaklqana.
  4455 | D:6      | Reached **** piety under Lugonu
  4819 | D:6      | Found a shimmering blue altar of Sif Muna.
  4850 | D:6      | Found Takos's Jewellery Shop.
  4856 | D:6      | Bought the ring "Hootul" {*Corrode rC+ AC+1 Dex+2 Slay+2}
                  | for 336 gold pieces
  5112 | D:6      | Reached skill level 5 in Dodging
  5112 | D:6      | Reached skill level 5 in Invocations
  5337 | D:7      | Found a glowing silver altar of Zin.
  5433 | D:7      | Reached XP level 9. HP: 70/78 MP: 11/11
  5457 | D:7      | Noticed a troll
  5460 | D:7      | Killed a troll
  5901 | D:7      | Found a radiant altar of Vehumet.
  6165 | D:7      | Found a sparkling altar of Nemelex Xobeh.
  6324 | D:8      | Slain by a porcupine

Levels and vault maps discovered:
D:1:      grunt_arrival_lava_bath, layout_rooms, hex_large
D:2:      layout_loops_ring, lemuel_round_altar, first_ration,
          dk_noncrumbling_3, minmay_mini_jars
D:3:      cheibrodos_fertilizer, layout_basic, nicolae_gozag_zags_fifth_avenue,
          uniq_grinder
D:4:      layout_basic, biasface_ghost_orc_armoury, nemelex_diamond_rough_becter
D:5:      layout_basic, minitemple, lemuel_crystal_altar,
          makhleb_heckhound_becter
D:6:      layout_basic, kennysheep_mini, serial_undead, serial_undead_e,
          serial_undead_d, serial_undead_c, serial_undead_a, serial_shops,
          shop_fountains
D:7:      layout_basic, zin_treasury, vehumet_statue,
          minmay_temple_entry_slanted, nemelex_dance_club_becter
D:8:      gammafunk_steamed_eel, layout_basic, nicolae_dithmenos_the_darkroom,
          due_lair_maze_entry_diamond, enter_bailey_6, minivault_23

Skill      XL: |  1  2  3  4  5  6  7  8  9 |
---------------+----------------------------+-----
Invocations    | 2 3 4 5 |  5.7
Fighting       | 4 5 6 7 |  7.3
Long Blades    | 3 4 5 6 7 |  7.0
Armour         | 3 4 5 6 |  6.8
Dodging        | 2 3 4 5 |  5.9
Evocations     | 1 2 3 4 |  4.4

Action                   |  1- 3 |  4- 6 |  7- 9 || total
-------------------------+-------+-------+-------++-------
Melee: Falchion          |    24 |       |       ||    24
       Headbutt          |     7 |    27 |    65 ||    99
       Short sword       |    37 |    42 |       ||    79
       Long sword        |       |    94 |   272 ||   366
Invok: Depart the Abyss  |     1 |       |       ||     1
Evoke: Wand              |       |     1 |    13 ||    14
  Use: Potion            |       |     3 |     3 ||     6
       Scroll            |       |       |     8 ||     8
 Stab: Paralysed         |       |     5 |       ||     5
  Eat: Chunk             |       |     6 |    10 ||    16
       Ration            |       |       |     1 ||     1
Armor: Leather armour    |     5 |       |       ||     5
       Chain mail        |    25 |    98 |   165 ||   288
Dodge: Dodged            |    35 |    82 |   123 ||   240
       Rpst.: Falchion   |     6 |       |       ||     6
       Long sword        |       |     9 |    44 ||    53

Table legend:
 A = Non-vault XP
 B = Vault XP
 C = Vault XP percentage of total XP
 D = Non-vault monster count
 E = Vault monster count
 F = Vault count percentage of total count
                 A         B        C        D         E       F
            +---------+---------+-------+---------+---------+-------
      Total |    2909 |    1213 |  29.4 |     111 |      45 |  28.8
            +---------+---------+-------+---------+---------+-------
        D:1 |      21 |       0 |   0.0 |      13 |       0 |   0.0
        D:2 |      48 |      69 |  59.0 |      14 |      13 |  48.1
        D:3 |      95 |     443 |  82.3 |      24 |      16 |  40.0
        D:4 |     369 |       0 |   0.0 |      13 |       0 |   0.0
        D:5 |     309 |      40 |  11.5 |       6 |       1 |  14.3
        D:6 |     691 |     316 |  31.4 |      21 |      12 |  36.4
        D:7 |    1139 |     132 |  10.4 |      14 |       2 |  12.5
        D:8 |     237 |     213 |  47.3 |       6 |       1 |  14.3
            +---------+---------+-------+---------+---------+-------
